 Dungeon Crawl Stone Soup version 0.30-a0-122-g2a1322497e (webtiles) character file.

Game seed: 12815052675187616878

21 BritishOli the Trooper (level 2, -4/24 HPs)
             Began as a Demonspawn Fighter on Sept 17, 2022.
             Killed by nerve-wracking pain
             ... invoked by a shadow imp
             ... summoned by Natasha
              (10 damage)
             ... on level 2 of the Dungeon.
             The game lasted 00:00:28 (1236 turns).

BritishOli the Trooper (Demonspawn Fighter)         Turns: 1236, Time: 00:00:29

Health: -4/24      AC:  6    Str: 16    XL:     2   Next: 65%
Magic:  2/2        EV:  8    Int:  9    God:
Gold:   50         SH:  4    Dex: 12    Spells: 1/1 levels left

rFire   . . .      SeeInvis .    a - +0 long sword
rCold   . . .      Faith    .    c - +0 buckler
rNeg    . . .      Spirit   .    b - +0 scale mail
rPois   .          Reflect  .    (no helmet)
rElec   .          Harm     .    (no cloak)
rCorr   .          Rampage  .    (no gloves)
Will    .....                    (no boots)
Stlth   ..........               (no amulet)
HPRegen 0.08/turn                (no ring)
MPRegen 0.08/turn                (no ring)

@: no status effects
A: weakness stinger 1
a: no special abilities


You were on level 2 of the Dungeon.
You visited 1 branch of the dungeon, and saw 2 of its levels.

You collected 50 gold pieces.

Inventory:

Hand Weapons
 a - a +0 long sword (weapon)
Armour
 b - a +0 scale mail (worn)
 c - a +0 buckler (worn)
Jewellery
 h - a ring of wizardry
Scrolls
 g - 2 scrolls of identify {unknown}
 i - a scroll of blinking {unknown}
Potions
 d - a potion of might
 e - a potion of heal wounds {unknown}
 f - a potion of curing {unknown}


   Skills:
 + Level 3.2 Fighting
 + Level 2.1 Long Blades
 + Level 2.9 Armour
 + Level 2.9 Shields


You had one spell level left.
You didn't know any spells.
Your spell library was empty.

Dungeon Overview and Level Annotations

Branches:
Dungeon (2/15)

Altars:

Annotations:
D:2 Natasha


Innate Abilities, Weirdness & Mutations

You have a small tail.


Message History

A ball python comes into view.
The ball python hisses angrily.
There are monsters nearby!
Found 13 gold pieces.
Natasha mumbles some strange words.
Natasha glows brightly for a moment.
There are monsters nearby!
There are monsters nearby!
You closely miss Natasha.
Your tail-slap misses Natasha.
Natasha claws you. x2
There are monsters nearby!
You miss Natasha. The ball python closely misses you.
The ball python barely misses you.
Natasha mumbles some strange words.
The ball python bites you but does no damage.
The ball python grabs you. The ball python constricts you.
There are monsters nearby!
You hit the ball python.
You kill the ball python!
Natasha mumbles some strange words.
You feel troubled. Natasha claws you!
There are monsters nearby!
You are too injured to fight recklessly!
There are monsters nearby!
There are monsters nearby!
You are too injured to fight recklessly!
Unknown command.
You hit Natasha but do no damage. Natasha completely misses you.
The shadow imp hits you but does no damage.
Natasha completely misses you.
You closely miss Natasha. The shadow imp hits you.
Natasha wildly gestures.
You feel disoriented. Natasha claws you.
* * * LOW HITPOINT WARNING * * *
The shadow imp hits you but does no damage.
You closely miss Natasha. Natasha barely misses you.
The shadow imp gestures at you. Pain shoots through your body!
You die...

########.######.##.#
......>.........##.#
########........†..#
#..########## #..#
#..# #..# ##.###..#
..$...5@# ......†h#
##.##.#.# # #.#.#
.#... ## #.# #.# ..#


You could see Natasha and a shadow imp (summoned).

Vanquished Creatures
  A dart slug (D:1)
  3 ball pythons
  An endoplasm (D:1)
  3 quokkas (D:1)
  5 frilled lizards
  3 goblins (D:1)
  4 rats (D:1)
20 creatures vanquished.

Notes
Turn   | Place    | Note
-------+----------+-------------------------------------------
     0 | D:1      | BritishOli the Demonspawn Fighter began the quest for the
                  | Orb.
     0 | D:1      | Reached XP level 1. HP: 18/18 MP: 1/1
   324 | D:1      | Discovered your monstrous ancestry.
   324 | D:1      | Gained mutation: You have a small tail. [demonic ancestry]
   324 | D:1      | Reached XP level 2. HP: 22/24 MP: 2/2
  1227 | D:2      | Noticed Natasha
  1236 | D:2      | Killed from afar by a shadow imp

Illustrated notes

Levels and vault maps discovered:
D:1:      lightli_arrival_chessboard, layout_loops_corners
D:2:      layout_loops_ring, serial_shops, shop_fountains,
          hellmonk_ecumenical_altar_zigzags, uniq_natasha

Skill      XL: |  1 |
---------------+----+-----
Long Blades    | 2 |  2.1
Fighting       | |  3.2
Armour         | |  2.9
Shields        | |  2.9

Action                   || total
-------------------------++-------
Melee: Long sword        ||    67
       Tailslap          ||     2
Armor: Scale mail        ||    30
Dodge: Dodged            ||    28
Block: Buckler           ||    10

Table legend: (Time is in decaauts)
 A = Elapsed time spent in this place.
 B = Non-inter-level travel time spent in this place.
 C = Inter-level travel time spent in this place.
 D = Time resting spent in this place.
 E = Time spent auto-exploring this place.
 F = Levels seen in this place.
 G = Mean time per level.
                   A        B        C        D        E       F      G
               +--------+--------+--------+--------+--------+-----+--------+
         Total |   1258 |   1246 |     12 |      0 |   1102 |   2 |  629.0 |
       Dungeon |   1258 |   1246 |     12 |      0 |   1102 |   2 |  629.0 |
               +--------+--------+--------+--------+--------+-----+--------+

Top non-repeatable levels by time:
     D:1: 1136 daAuts
     D:2: 121 daAuts
